 Dungeon Crawl Stone Soup version 0.30-a0-782-ge64f9170bb (webtiles) character file.

Game seed: 3779097293554378988

1171 112233 the Conjurer (level 8, 0/26 (48) HPs)
             Began as a Tengu Reaver on Mar 1, 2023.
             Was an Initiate of Gozag.
             Killed from afar by an orc wizard (5 damage)
             ... with a magic dart
             ... on level 6 of the Dungeon.
             The game lasted 00:04:59 (5549 turns).

112233 the Conjurer (Tengu Reaver)                  Turns: 5549, Time: 00:05:00

HP:   0/26 (48)     AC:  5    Str: 13    XL:     8   Next: 41%
MP:   13/15         EV: 15    Int: 16    God:    Gozag
Gold: 582           SH:  0    Dex: 12    Spells: 9/16 levels left

rFire   + . .      SeeInvis .    a - +0 falchion
rCold   + . .      Faith    .    (no shield)
rNeg    . . .      Spirit   .    b - +0 leather armour
rPois   +          Reflect  .    (helmet restricted)
rElec   +          Harm     .    q - +0 cloak
rCorr   +          Rampage  .    A - +0 pair of gloves
Will    .....                    (boots unavailable)
Stlth   +                        (no amulet)
HPRegen 0.24/turn                (no ring)
MPRegen 0.14/turn                (no ring)

@: resistant, gold aura, immotile, flying quickly and evasively, very heavily
drained, quick
A: beak, talons 3, nimble flight
a: Renounce Religion, Potion Petition, Call Merchant, Bribe Branch


You were on level 6 of the Dungeon.
You worshipped Gozag.
Gozag was pleased with you.
You visited 1 branch of the dungeon, and saw 6 of its levels.

You collected 609 gold pieces.
You paid 27 gold pieces to Gozag.

Inventory:

Hand Weapons
 a - a +0 falchion (weapon)
 z - a +0 shortbow
Armour
 b - a +0 leather armour (worn)
 q - a +0 cloak (worn)
 u - a +0 kite shield
 A - a +0 pair of gloves (worn)
Magical Staves
 w - a staff of poison
Jewellery
 g - a ring of see invisible
Wands
 i - a wand of polymorph (8)
Scrolls
 d - a scroll of enchant armour {unknown}
 h - 3 scrolls of identify {unknown}
 j - a scroll of enchant weapon {unknown}
 k - a scroll of magic mapping {unknown}
 l - 2 scrolls of teleportation {unknown}
 n - a scroll of noise {unknown}
 o - a scroll of silence {unknown}
 s - a scroll of brand weapon {unknown}
 v - 2 scrolls of immolation {unknown}
 x - a scroll of blinking {unknown}
 y - 2 scrolls of fear {unknown}
 B - a scroll of vulnerability {unknown}
Potions
 c - a potion of resistance
 e - a potion of attraction {unknown}
 f - 5 potions of curing {unknown}
 m - 3 potions of invisibility {unknown}
 p - a potion of haste {unknown}
 r - a potion of degeneration {unknown}
 t - a potion of might {unknown}


   Skills:
 + Level 4.8 Fighting
 - Level 5.2 Long Blades
 + Level 5.3 Dodging
 + Level 4.5 Spellcasting
 + Level 7.1 Conjurations


You had 9 spell levels left.
You knew the following spells:

 Your Spells              Type           Power      Damage    Failure   Level
a - Kiss of Death         Conj/Necr      60%        2d10      4%          1
b - Momentum Strike       Conj/Tloc      30%        3d8       7%          2
c - Hailstorm             Conj/Ice       15%        3d5       14%         3
d - Apportation           Tloc           6%         N/A       21%         1

Your spell library contained the following spells:

 Spells                   Type           Power      Damage    Failure   Level
 Ensorcelled Hibernation  Hex/Ice        6%         N/A       30%         2
 Spider Form              Tmut/Pois      3%         N/A       52%         3
 Anguish                  Hex/Necr       1%         N/A       90%         4
 Alistair's Intoxication  Tmut/Pois      2%         N/A       99%         5


Dungeon Overview and Level Annotations

Branches:
Dungeon (6/15)
 Temple: D:4-7

Altars:
Gozag
Hepliaklqana
Kikubaaqudgha
Qazlal
Ru
The Shining One

Shops:
D:5 =


Innate Abilities, Weirdness & Mutations

You have a beak for a mouth.
You have claws for feet.
Your magical nature lets you fly swiftly and evasively.


Message History

The magic dart hits you.
You hit the orc wizard but do no damage.
Your kick misses the orc wizard.
The orc wizard points at you and mumbles some strange words.
The magic dart hits you.
You hit the orc wizard.
The orc wizard is moderately wounded.
The orc wizard barely misses you.
You hit the orc wizard but do no damage.
Your peck misses the orc wizard.
The orc wizard is moderately wounded.
The orc wizard closely misses you.
You hit the orc wizard.
The orc wizard is moderately wounded.
The orc wizard hits you with a +0 dagger. x2
You hit the orc wizard. Your kick misses the orc wizard.
The orc wizard is moderately wounded.
The orc wizard misses you.
Casting: Kiss of Death (safe; 4% risk of failure)
Confirm with . or Enter, or press ? or * to list all spells.
Aiming: Momentum Strike (safe; 7% risk of failure)
Press: ? - help, Dir - move target, f - orc wizard
Aim: an orc wizard, wielding a +0 dagger and wearing a +0 robe (moderately wounded, 64% to hit)
The concentrated momentum hits the orc wizard!
You kill the orc wizard!
You are unable to move.
You cannot move.
Unknown command.
You hear some strange, mumbled words.
A puff of flame appears from out of thin air!
The puff of flame hits you.
* * * LOW HITPOINT WARNING * * *
It was a potion of resistance.
You feel protected. Something barely misses you.
You hear some strange, mumbled words.
A magic dart appears from out of thin air!
The magic dart hits you.
You die...
Your body crumbles into a pile of gold.

#######.# #.#
#.# #.# #.#
### #.#$ #..
#.# #.# #
#.#!###.####.#
#.#.......@{o#
#.#####.####.#
#..^....# #
#########


You could see an orc.

Vanquished Creatures
  Sigmund (D:2)
  A black bear (D:5)
  2 ice beasts (D:5)
  A centaur (D:5)
  2 phantoms (D:5)
  A scorpion (D:5)
  2 hounds (D:4)
  2 iguanas (D:4)
  Natasha (thrice) (D:2)
  An orc wizard (D:6)
  10 gnolls
  4 adders
  A white imp (D:5)
  2 worms
  4 dart slugs
  13 orcs
  6 endoplasms
  8 giant cockroaches
  A goblin (D:4)
  5 hobgoblins
  2 quokkas
  7 ball pythons
  4 bats
  4 frilled lizards
  6 kobolds
  4 rats
97 creatures vanquished.

Vanquished Creatures (others)
  5 fungi (D:6)
5 creatures vanquished.

Grand Total: 102 creatures vanquished

Notes
Turn   | Place    | Note
-------+----------+-------------------------------------------
     0 | D:1      | 112233 the Tengu Reaver began the quest for the Orb.
     0 | D:1      | Reached XP level 1. HP: 12/12 MP: 4/4
   170 | D:1      | Reached XP level 2. HP: 16/17 MP: 6/6
   234 | D:1      | Found an ancient bone altar of Kikubaaqudgha.
   326 | D:1      | Reached XP level 3. HP: 18/19 MP: 7/7
   468 | D:1      | Found a faded altar of an unknown god.
   931 | D:2      | Noticed Natasha
   938 | D:2      | Killed Natasha
   939 | D:2      | Reached XP level 4. HP: 11/24 MP: 6/8
   996 | D:2      | Noticed Natasha
  1005 | D:2      | Killed Natasha
  1145 | D:2      | Noticed Natasha
  1151 | D:2      | Killed Natasha
  1152 | D:2      | Gained mutation: Your magical nature lets you fly swiftly
                  | and evasively. [Tengu growth]
  1152 | D:2      | Reached XP level 5. HP: 25/32 MP: 10/10
  1221 | D:2      | Noticed Sigmund
  1285 | D:2      | Killed Sigmund
  1286 | D:2      | Reached skill level 5 in Conjurations
  1286 | D:2      | Reached XP level 6. HP: 25/37 MP: 8/11
  1333 | D:2      | Learned a level 2 spell: Momentum Strike
  1778 | D:3      | Found a glowing golden altar of the Shining One.
  1778 | D:3      | Found a stormy altar of Qazlal.
  1861 | D:3      | Found an opulent altar of Gozag.
  1937 | D:3      | Became a worshipper of Gozag Ym Sagoz the Greedy
  2370 | D:3      | Learned a level 3 spell: Hailstorm
  2783 | D:4      | Found a hazy altar of Hepliaklqana.
  2949 | D:4      | Reached XP level 7. HP: 35/37 MP: 10/13
  3445 | D:5      | Entered Level 5 of the Dungeon
  3522 | D:5      | Reached skill level 5 in Long Blades
  3522 | D:5      | Reached skill level 6 in Conjurations
  3905 | D:5      | Reached XP level 8. HP: 22/34 MP: 4/15
  4044 | D:5      | Found Wirpharghuj's Jewellery Boutique.
  4109 | D:5      | Learned a level 1 spell: Apportation
  4192 | D:5      | Reached skill level 5 in Dodging
  5144 | D:5      | Reached skill level 7 in Conjurations
  5387 | D:6      | Found a sacrificial altar of Ru.
  5549 | D:6      | Killed from afar by an orc wizard

Illustrated notes

Levels and vault maps discovered:
D:1:      sevenhm_arrival_forest_fort_small_6, layout_basic,
          chequers_ecumenical_altar_lobes
D:2:      layout_loops_ring, uniq_sigmund, uniq_natasha
D:3:      layout_basic, gammafunk_temple_overflow_forgotten, solitary_fountain
D:4:      layout_basic, nzn_hepliaklqana_mist_gate, small_statue_alley_b,
          cheibrodos_gnoll_hut
D:5:      layout_cave_pods, serial_shops, nicolae_shop_waterfront
D:6:      layout_basic, lemuel_tele_altar, nicolae_zen_rock_garden, uniq_maggie,
          uniq_crazy_yiuf_cottage, uniq_duvessa

Skill      XL: |  1  2  3  4  5  6  7  8 |
---------------+-------------------------+-----
Dodging        | 3 4 5 |  5.3
Long Blades    | 4 5 |  5.2
Fighting       | 3 4 |  4.8
Spellcasting   | 3 4 |  4.5
Conjurations   | 5 6 7 |  7.1

Action                     |  1- 3 |  4- 6 |  7- 9 || total
---------------------------+-------+-------+-------++-------
  Melee: Falchion          |    58 |   130 |   100 ||   288
         Kick              |    14 |    38 |    20 ||    72
         Peck              |     6 |    24 |    19 ||    49
         Punch             |       |     3 |     2 ||     5
   Cast: Kiss of Death     |     2 |     4 |     8 ||    14
         Momentum Strike   |       |     1 |    15 ||    16
         Hailstorm         |       |       |     1 ||     1
    Use: Potion            |       |       |     1 ||     1
   Stab: Sleeping          |     1 |       |       ||     1
 Armour: Leather armour    |    17 |    13 |    24 ||    54
  Dodge: Dodged            |    44 |    77 |    92 ||   213

Table legend: (Time is in decaauts)
 A = Elapsed time spent in this place.
 B = Non-inter-level travel time spent in this place.
 C = Inter-level travel time spent in this place.
 D = Time resting spent in this place.
 E = Time spent auto-exploring this place.
 F = Levels seen in this place.
 G = Mean time per level.
                   A        B        C        D        E       F      G
               +--------+--------+--------+--------+--------+-----+--------+
         Total |   5304 |   5039 |    265 |    846 |   3427 |   6 |  884.0 |
       Dungeon |   5304 |   5039 |    265 |    846 |   3427 |   6 |  884.0 |
               +--------+--------+--------+--------+--------+-----+--------+

Top non-repeatable levels by time:
     D:5: 1846 daAuts
     D:4: 971 daAuts
     D:2: 842 daAuts
     D:1: 775 daAuts
     D:3: 711 daAuts
     D:6: 158 daAuts
